 Dungeon Crawl Stone Soup version 0.31.0-11-ge490571c62 (webtiles) character file.

Game seed: 10129345947121807685

105 qw the Shooter (level 4, -3/22 HPs)
             Began as a Spriggan Hunter on Feb 3, 2024.
             Slain by Grinder (5 damage)
             ... while paralysed by Grinder
             ... on level 2 of the Dungeon.
             The game lasted 00:00:07 (1740 turns).

qw the Shooter (Spriggan Hunter)                    Turns: 1740, Time: 00:00:07

Health: -3/22      AC:  2    Str:  7    XL:     4   Next: 53%
Magic:  5/5        EV:  4    Int: 10    God:
Gold:   79         SH:  0    Dex: 20    Spells: 3/3 levels left

rFire   . . .        a - +1 shortbow (heavy)
rCold   . . .        (shield currently unavailable)
rNeg    . . .        c - +0 robe
rPois   .            (helmet restricted)
rElec   .            (no cloak)
rCorr   .            (gloves unavailable)
SInv    +            (boots unavailable)
Will    .....        (no amulet)
Stlth   ++           (no ring)
HPRegen 0.23/turn    (no ring)
MPRegen 0.09/turn

%: no passive effects
@: paralysed, hasted, very quick
A: very small, no large weapons, unfitting armour, see invisible, speed 3
a: no special abilities


You were on level 2 of the Dungeon.
You visited 1 branch of the dungeon, and saw 3 of its levels.

You collected 79 gold pieces.


Innate Abilities, Weirdness & Mutations

You are very small and have problems with some larger weapons.
You are too small for most types of armour.
You have supernaturally acute eyesight. (SInv)
You cover ground extremely quickly. (Speed+++)


   Skills:
 - Level 1.5 Fighting
 - Level 5.0 Ranged Weapons
 + Level 4.9 Dodging
 - Level 1.5 Stealth


You had 3 spell levels left.
You didn't know any spells.
Your spell library was empty.

Inventory:

Hand Weapons
 a - a +1 heavy shortbow (weapon)
Armour
 c - a +0 robe (worn)
Scrolls
 e - a scroll of enchant armour

Dungeon Overview and Level Annotations

Branches:
Dungeon (3/15)

Altars:

Annotations:
D:2 Grinder
D:3 Robin


Message History

HP restored.
You climb downwards.
Level annotation: Grinder, Robin
There is a stone staircase leading up, spattered with blood here.
1727 ||| DRINKING potion of haste.
You feel yourself speed up.
You shoot an arrow.
The arrow hits Grinder but does no damage.
Robin hits you from afar with a +0 spear of venom.
1729 ||| STAIRDANCE Grinder hits you.
Robin misses you.
You climb upwards.
There is a stone staircase leading down, spattered with blood here.
You shoot an arrow. The arrow closely misses Grinder.
Grinder completely misses you.
You shoot an arrow. The arrow hits Grinder!
Grinder is moderately wounded.
Grinder misses you.
You shoot an arrow. The arrow hits Grinder.
Grinder is moderately wounded.
Grinder misses you. Grinder hits you.
You writhe in agony.
You shoot an arrow. The arrow hits Grinder!
Grinder is severely wounded.
Grinder gestures at you. You resist with some effort.
You shoot an arrow. The arrow closely misses Grinder.
Grinder misses you.
You shoot an arrow. The arrow hits Grinder.
Grinder is severely wounded.
Grinder hits you!
You shoot an arrow. The arrow hits Grinder!
Grinder is almost dead.
Grinder closely misses you.
You shoot an arrow. The arrow hits Grinder.
Grinder is almost dead.
Grinder gestures at you.
You suddenly lose the ability to move!
Grinder barely misses you. Grinder hits you.
You die...
Grinder sighs, "Dead already?
I want a refund."

#####.##.###############.#
.......#.................#
#####.##.###############.#
#.##.# #.# ###.##.# #.#
#....#.###############.#
#.#..#...............#.#
###.##################.#.#
...............5@$.......#
###'############)#####.###
.....# #.# #.# .....# #.#
#.# .....# #.# #.# ###'##
#.# #.# ###.# #?# #.#
....# #.# #.#
....############.# #.#


You could see Grinder.

Vanquished Creatures
  2 adders (D:2)
  3 dart slugs (D:1)
  7 ball pythons
  7 endoplasms
  4 giant cockroaches
  18 goblins
  9 hobgoblins
  6 jackals (D:1)
  A quokka (D:1)
  4 bats (D:1)
  5 frilled lizards
  2 rats (D:2)
68 creatures vanquished.

Notes
Turn   | Place    | Note
-------+----------+-------------------------------------------
     0 | D:1      | qw the Spriggan Hunter began the quest for the Orb.
     0 | D:1      | Reached XP level 1. HP: 10/10 MP: 2/2
     0 | D:1      | 0 ||| qw: Version: 0.3-a-157-g843a77d
     0 | D:1      | 0 ||| qw: Game counter: 4022
     0 | D:1      | 0 ||| qw: Melee chars always use a shield: true
     0 | D:1      | 0 ||| qw: God list: Okawaru
     0 | D:1      | 0 ||| qw: Allow faded altars: false
     0 | D:1      | 0 ||| qw: Do Orc after clearing Dungeon:15 true
     0 | D:1      | 0 ||| qw: Do second Lair branch before Depths: true
     0 | D:1      | 0 ||| qw: Lair rune preference: random
     0 | D:1      | 0 ||| qw: Goals: Normal
     0 | D:1      | 0 ||| PLANNING D:1-11
   113 | D:1      | Reached skill level 3 in Dodging
   165 | D:1      | Reached XP level 2. HP: 14/14 MP: 3/3
   408 | D:1      | Reached XP level 3. HP: 18/18 MP: 4/4
   740 | D:1      | 740 ||| READING 2 scrolls labelled NYRASI QUPRAOS.
   740 | D:1      | 740 ||| ENCHANTING +0 shortbow.
   741 | D:1      | 741 ||| READING scroll labelled IXAMEC FIK.
   742 | D:1      | 742 ||| READING scroll labelled JEOG KEPLA.
   743 | D:1      | 743 ||| READING scroll labelled IZUWIYNNUA.
   743 | D:1      | 743 ||| BRANDING +0 shortbow.
   744 | D:1      | 744 ||| DRINKING 2 murky purple potions.
   745 | D:1      | 745 ||| DROPPING scroll of butterflies.
   886 | D:2      | Reached skill level 5 in Ranged Weapons
   888 | D:2      | Reached XP level 4. HP: 22/22 MP: 5/5
  1133 | D:2      | Found a faded altar of an unknown god.
  1527 | D:2      | 1527 ||| DROPPING ring of flight.
  1528 | D:2      | 1528 ||| READING scroll labelled ULAFACEKHLE.
  1528 | D:2      | 1528 ||| IDENTIFYING scroll labelled IRIJOBA HADD
  1529 | D:2      | 1529 ||| READING scroll labelled KILARE MAONKE.
  1529 | D:2      | 1529 ||| ENCHANTING +0 heavy shortbow.
  1530 | D:2      | 1530 ||| READING scroll labelled CUS AXKUIPI.
  1533 | D:2      | 1533 ||| DROPPING scroll of silence.
  1543 | D:3      | Noticed Grinder
  1544 | D:3      | 1544 ||| DRINKING 2 potions of haste.
  1552 | D:3      | 1552 ||| STAIRDANCE
  1580 | D:3      | 1580 ||| STAIRDANCE
  1585 | D:3      | Noticed Robin
  1586 | D:3      | 1586 ||| STAIRDANCE
  1615 | D:3      | 1615 ||| STAIRDANCE
  1677 | D:3      | 1677 ||| STAIRDANCE
  1684 | D:3      | 1684 ||| STAIRDANCE
  1712 | D:3      | 1712 ||| STAIRDANCE
  1727 | D:3      | 1727 ||| DRINKING potion of haste.
  1729 | D:3      | 1729 ||| STAIRDANCE
  1736 | D:2      | HP: 1/22 [Grinder (9)]
  1738 | D:2      | Paralysed by Grinder for 3 turns
  1740 | D:2      | Slain by Grinder

Levels and vault maps discovered:
D:1:      giann_bridges, layout_loops_ring, minmay_misc_feat_iff
D:2:      layout_basic, nicolae_ecumenical_lake_church
D:3:      kennysheep_the_goblin_king, layout_basic,
          mainiacjoe_overflow_cross_hatched,
          mainiacjoe_overflow_six_doors_small, kennysheep_cross_bottleneck,
          uniq_grinder, uniq_robin, uniq_jessica

Skill      XL: |  1  2  3 |
---------------+----------+-----
Dodging        | 3 4 |  4.9
Ranged Weapons | 5 |  5.0
Fighting       | |  1.5
Stealth        | |  1.5

Action                     |  1- 3 |  4- 6 || total
---------------------------+-------+-------++-------
   Fire: Shortbow          |    97 |    57 ||   154
    Use: Scroll            |     4 |     3 ||     7
         Potion            |     1 |     2 ||     3
 Armour: Robe              |    11 |    24 ||    35
  Dodge: Dodged            |    31 |    57 ||    88

Table legend:
 A = Non-vault XP
 B = Vault XP
 C = Vault XP percentage of total XP
 D = Non-vault monster count
 E = Vault monster count
 F = Vault count percentage of total count
                 A         B        C        D         E       F
            +---------+---------+-------+---------+---------+-------
      Total |     112 |      38 |  25.3 |      49 |      19 |  27.9
            +---------+---------+-------+---------+---------+-------
        D:1 |      62 |       0 |   0.0 |      32 |       0 |   0.0
        D:2 |      50 |      22 |  30.6 |      17 |      11 |  39.3
        D:3 |       0 |      16 | 100.0 |       0 |       8 | 100.0
            +---------+---------+-------+---------+---------+-------
